 Dungeon Crawl Stone Soup version 0.25.0-8-gfd19cd77bd (webtiles) character file.

Game seed: 15834586539539992544

3111 Delamore the Basher (level 9, -14/51 HPs)
             Began as a Gargoyle Fighter on June 16, 2020.
             Was an Elder of Okawaru.
             Demolished by a white ugly thing (31 damage)
             ... on level 8 of the Dungeon.
             The game lasted 00:10:01 (8391 turns).

Delamore the Basher (Gargoyle Fighter)              Turns: 8391, Time: 00:10:02

Health: -14/51     AC: 17    Str: 23    XL:     9   Next: 91%
Magic:  9/9        EV:  7    Int:  9    God:    Okawaru [****..]
Gold:   363        SH:  9    Dex:  9    Spells: 8/8 levels left

rFire    . . .     SeeInvis +   B - +1 whip (flame)
rCold    . . .     Gourm    .   c - +0 kite shield
rNeg     + . .     Faith    +   b - +0 scale mail
rPois    ∞         Spirit   .   (no helmet)
rElec    +         Reflect  .   (no cloak)
rCorr    .         Harm     .   k - +0 pair of gloves
MR       .....                  q - +2 pair of boots
Stlth    ..........             A - amulet of faith
HPRegen  0.17/turn              o - ring of see invisible
MPRegen  0.11/turn              (no ring)

@: mighty
A: negative energy resistance 1, electricity resistance, unbreathing,
petrification resistance, rot immunity, AC +6
a: Heroism, Renounce Religion


You were on level 8 of the Dungeon.
You worshipped Okawaru.
Okawaru was greatly pleased with you.
You were not hungry.

You visited 1 branch of the dungeon, and saw 8 of its levels.

You collected 363 gold pieces.

Inventory:

Hand Weapons
 a - a +0 flail
 l - a +1 vorpal mace
 B - a +1 whip of flaming (weapon)
Missiles
 j - 6 curare-tipped darts (quivered)
Armour
 b - a +0 scale mail (worn)
 c - a +0 kite shield (worn)
 k - a +0 pair of gloves (worn)
 p - a +1 crystal plate armour
 q - a +2 pair of boots (worn)
Jewellery
 e - an uncursed amulet of regeneration {unknown}
 i - an uncursed amulet of reflection {unknown}
 o - a ring of see invisible (left hand)
 v - an uncursed amulet of reflection {unknown}
 A - an amulet of faith (around neck)
Wands
 r - a wand of clouds (6)
Scrolls
 g - 4 scrolls of blinking
 h - a scroll of fog
 m - 2 scrolls of silence {unknown}
 u - 2 scrolls of magic mapping
 x - 3 scrolls of enchant weapon
 y - 4 scrolls of enchant armour
 C - 3 scrolls of teleportation {unknown}
 D - a scroll of noise {unknown}
 F - 3 scrolls of remove curse
 G - a scroll of identify
Potions
 d - 3 potions of might
 n - a potion of invisibility
 s - 2 potions of stabbing
 t - 2 potions of cancellation
 w - 2 potions of degeneration
 z - 4 potions of curing
 E - 2 potions of resistance {unknown}
Comestibles
 f - 9 rations


   Skills:
 - Level 3.2 Fighting
 + Level 13.1 Maces & Flails
 - Level 3.2 Armour
 - Level 3.2 Shields


You had 8 spell levels left.
You didn't know any spells.
Your spell library was empty.

Dungeon Overview and Level Annotations

Branches:
Dungeon (8/15)             Temple (0/1) D:5
   Lair: D:8-11

Altars:
Ashenzari
Makhleb
Okawaru
Qazlal
Sif Muna
Trog
Vehumet
Zin


Innate Abilities, Weirdness & Mutations

You are resistant to torment.
Your stone body is resilient. (AC +6)
You are immune to poison.
You resist negative energy. (rN+)
You are resistant to electric shocks. (rElec)
You can survive without breathing.
You are immune to petrification.
You are immune to rotting.


Message History

An iguana comes into view.
Okay, then.
You feel very mighty all of a sudden. The white ugly thing trunk-slaps you.
The white ugly thing freezes you!!
You are too injured to fight recklessly!
You whack the white ugly thing! You burn the white ugly thing!
The white ugly thing is moderately wounded.
You hit the white ugly thing. You burn the white ugly thing.
The white ugly thing is heavily wounded.
The white ugly thing trunk-slaps you but does no damage.
You whack the white ugly thing! You burn the white ugly thing.
The white ugly thing is severely wounded.
The white ugly thing trunk-slaps you but does no damage.
You whack the white ugly thing! You burn the white ugly thing.
The white ugly thing is almost dead.
You completely miss the white ugly thing.
The white ugly thing is almost dead.
The white ugly thing trunk-slaps you. The white ugly thing freezes you!!
Ouch! That really hurt!
You die...

##.........##
#...........#
#......(....#
+.....†.....+
#......(....#
#...........#
##.........##
##.......##
##..@..##
###u###


T#y x# #l +# #+ You could see a white ugly thing, a troll, an unseen horror
(invisible), a vampire mosquito and an iguana.

Vanquished Creatures
  Pikel (D:6)
  Grinder (D:3)
  A black bear (D:5)
  2 ice beasts
  2 orc warriors (D:6)
  2 sky beasts
  A slave (D:6)
  2 phantoms
  A centaur (D:5)
  A crocodile (D:7)
  Blork the orc (D:6)
  A bullfrog (D:6)
  2 scorpions (D:4)
  3 killer bees (D:6)
  A howler monkey (D:4)
  2 crimson imps
  3 jellies
  3 hounds
  An orc priest (D:5)
  3 bullfrog skeletons
  Jessica (D:2)
  2 iguanas
  2 orc wizards
  9 worker ants
  Natasha (thrice) (D:2)
  A hound zombie (D:5)
  3 hound skeletons
  A howler monkey zombie (D:5)
  A worker ant zombie (D:6)
  7 gnolls
  4 adders
  2 oozes
  An adder skeleton (D:7)
  2 worms (D:4)
  3 dart slugs
  6 leopard geckos
  7 orcs
  9 bats
  2 giant cockroaches
  5 goblins
  7 hobgoblins
  6 jackals
  6 kobolds
  5 quokkas
  3 ball pythons (D:3)
  3 frilled lizards
  A jackal skeleton (D:7)
  A quokka skeleton (D:3)
  8 rats
145 creatures vanquished.

Vanquished Creatures (others)
  A killer bee (D:7)
1 creature vanquished.

Grand Total: 146 creatures vanquished

Notes
Turn   | Place    | Note
-------+----------+-------------------------------------------
     0 | D:1      | Delamore the Gargoyle Fighter began the quest for the Orb.
     0 | D:1      | Reached XP level 1. HP: 14/14 MP: 1/1
   334 | D:1      | Reached XP level 2. HP: 19/19 MP: 2/2
   419 | D:1      | Reached skill level 3 in Maces & Flails
  1216 | D:2      | Noticed Natasha
  1230 | D:2      | Killed Natasha
  1230 | D:2      | Reached XP level 3. HP: 18/23 MP: 3/3
  1367 | D:2      | Reached skill level 4 in Maces & Flails
  1420 | D:2      | Noticed Jessica
  1441 | D:2      | Killed Jessica
  1441 | D:2      | Reached XP level 4. HP: 26/28 MP: 4/4
  1744 | D:2      | Noticed Natasha
  1758 | D:2      | Killed Natasha
  1960 | D:2      | Noticed Natasha
  1981 | D:2      | Killed Natasha
  1981 | D:2      | Reached skill level 5 in Maces & Flails
  1981 | D:2      | Reached XP level 5. HP: 17/32 MP: 5/5
  2239 | D:2      | Found a bloodstained altar of Trog.
  2243 | D:2      | Found a shimmering blue altar of Sif Muna.
  2245 | D:2      | Found a radiant altar of Vehumet.
  2245 | D:2      | Found a stormy altar of Qazlal.
  2246 | D:2      | Found a burning altar of Makhleb.
  2250 | D:2      | Found an iron altar of Okawaru.
  2254 | D:2      | Became a worshipper of Warmaster Okawaru
  2713 | D:3      | Reached skill level 6 in Maces & Flails
  2715 | D:3      | Reached XP level 6. HP: 37/37 MP: 6/6
  3118 | D:3      | Found a shattered altar of Ashenzari.
  3196 | D:3      | Noticed Grinder
  3230 | D:3      | Killed Grinder
  3230 | D:3      | Reached skill level 7 in Maces & Flails
  3230 | D:3      | Reached XP level 7. HP: 28/41 MP: 7/7
  3919 | D:4      | Reached skill level 8 in Maces & Flails
  4234 | D:4      | Reached * piety under Okawaru
  4495 | D:4      | Reached skill level 9 in Maces & Flails
  4614 | D:4      | Reached XP level 8. HP: 46/46 MP: 8/8
  4859 | D:5      | Entered Level 5 of the Dungeon
  4908 | D:5      | Identified the +8 falchion "Agimmyiz" {vorpal, rN+ SInv}
  5446 | D:5      | Found a staircase to the Ecumenical Temple.
  5578 | D:5      | Reached ** piety under Okawaru
  5578 | D:5      | Reached skill level 10 in Maces & Flails
  6041 | D:5      | Found a burning altar of Makhleb.
  6133 | D:6      | Noticed Blork the orc
  6141 | D:6      | Killed Blork the orc
  6521 | D:6      | Reached skill level 11 in Maces & Flails
  6524 | D:6      | Reached XP level 9. HP: 43/51 MP: 9/9
  7203 | D:7      | Reached *** piety under Okawaru
  7534 | D:7      | Reached skill level 12 in Maces & Flails
  7843 | D:7      | Found a glowing silver altar of Zin.
  7981 | D:7      | Noticed Pikel
  8069 | D:6      | Killed Pikel
  8069 | D:6      | Reached **** piety under Okawaru
  8344 | D:8      | Reached skill level 13 in Maces & Flails
  8384 | D:8      | Noticed a troll
  8384 | D:8      | Noticed a white ugly thing
  8385 | D:8      | Noticed an unseen horror
  8391 | D:8      | Demolished by a white ugly thing

Illustrated notes

Levels and vault maps discovered:
D:1:      dpeg_arrival_radiant, layout_basic, minmay_misc_feat_alley,
          fountainhead
D:2:      layout_basic, minitemple, uniq_jessica, uniq_natasha
D:3:      layout_basic, marbit_many_paths, uniq_grinder
D:4:      layout_loops_corners
D:5:      layout_basic, minmay_temple_entry_trees, first_ration,
          makhleb_heckhound_becter
D:6:      layout_cave_pods, uniq_blork_the_orc
D:7:      layout_basic, kennysheep_mini_moat, uniq_pikel
D:8:      minmay_the_grid_octo_tiled_squarecenter
          [minmay_the_grid_octo_odd_swirl, minmay_the_grid_octo_horde,
          minmay_the_grid_octo_empty, minmay_the_grid_octo_pinwheel,
          minmay_the_grid_square_5x5_megaprize_checkered,
          minmay_the_grid_square_5x5_spiral_small,
          minmay_the_grid_square_5x5_longway,
          minmay_the_grid_square_5x5_tetrominoes,
          minmay_the_grid_square_5x5_corner], layout_rooms, grunt_pizzeria

Skill      XL: |  1  2  3  4  5  6  7  8  9 |
---------------+----------------------------+-----
Maces & Flails | 3 4 5 6 7 9 11 13 | 13.1
Fighting       | |  3.2
Armour         | |  3.2
Shields        | |  3.2

Action                   |  1- 3 |  4- 6 |  7- 9 || total
-------------------------+-------+-------+-------++-------
Melee: Flail             |    89 |   207 |   302 ||   598
       Mace              |       |       |   142 ||   142
       Whip              |       |       |    49 ||    49
Throw: Dart              |       |     7 |       ||     7
  Use: Scroll            |       |       |     8 ||     8
       Potion            |       |       |     7 ||     7
 Stab: Sleeping          |       |       |     4 ||     4
       Invisible         |       |       |     1 ||     1
  Eat: Chunk             |     2 |     6 |    17 ||    25
Armor: Scale mail        |    52 |   109 |   270 ||   431
       Skin              |       |       |    14 ||    14
Dodge: Dodged            |    37 |    79 |   163 ||   279
Block: Kite shield       |    51 |    84 |   223 ||   358
